 Dungeon Crawl Stone Soup version 0.28-a0-1404-g4df0f3684d (webtiles) character file.

Game seed: 10518306264168538506

89 porpoise the Insei (level 4, -2/34 HPs)
             Began as a Demonspawn Transmuter on Jan 6, 2022.
             Slain by Sigmund (7 damage)
             ... on level 3 of the Dungeon.
             The game lasted 00:07:09 (2255 turns).

porpoise the Insei (Demonspawn Transmuter)          Turns: 2255, Time: 00:07:09

Health: -2/34      AC:  4    Str: 12    XL:     4   Next: 31%
Magic:  2/7        EV: 12    Int: 15    God:
Gold:   44         SH:  0    Dex: 13    Spells: 4/7 levels left

rFire   . . .      SeeInvis .   a - +0 dagger (venom)
rCold   . . .      Faith    .   (no shield)
rNeg    . . .      Spirit   .   o - +0 robe
rPois   .          Reflect  .   (helmet currently unavailable)
rElec   .          Harm     .   (no cloak)
rCorr   .          Rampage  .   d - +0 pair of gloves
Will    .....                   (boots currently unavailable)
Stlth   ++........              (no amulet)
HPRegen 0.11/turn               (no ring)
MPRegen 0.10/turn               (no ring)

@: appendages, hasted, very quick
A: horns 2, talons 2, sharp scales 1, demonic magic 1
a: End Transformation


You were on level 3 of the Dungeon.
You had temporarily grown beastly horns and talons.
You visited 1 branch of the dungeon, and saw 3 of its levels.

You collected 44 gold pieces.

Inventory:

Hand Weapons
 a - a +0 dagger of venom (weapon)
Missiles
 b - 108 stones
 e - 5 arrows
 k - 11 poisoned darts
 q - 11 sling bullets
 s - 4 javelins
 u - 2 boomerangs
Armour
 d - a +0 pair of gloves (worn)
 o - a +0 robe (worn)
Magical Staves
 l - a staff of conjuration
Scrolls
 j - 2 scrolls of identify {unknown}
 n - a scroll of vulnerability {unknown}
 p - a scroll of magic mapping {unknown}
 r - a scroll of teleportation {unknown}
 v - a scroll of enchant weapon {unknown}
Potions
 c - a potion of attraction {unknown}
 f - a potion of cancellation {unknown}
 g - a potion of haste
 h - a potion of curing {unknown}
 i - a potion of magic {unknown}
 m - a potion of lignification {unknown}
 t - 2 potions of experience {unknown}


   Skills:
 * Level 2.5 Fighting
 - Level 1.7 Dodging
 + Level 1.5 Stealth
 * Level 3.7 Unarmed Combat
 - Level 2.0 Spellcasting
 - Level 1.7 Transmutations


You had 4 spell levels left.
You knew the following spells:

 Your Spells              Type           Power      Damage    Failure   Level
a - Beastly Appendage     Tmut           12%        N/A       11%         1
w - Wereblood             Tmut           6%         N/A       16%         2

Your spell library contained the following spells:

 Spells                   Type           Power      Damage    Failure   Level
 Spider Form              Tmut/Pois      4%         N/A       43%         3
 Dazzling Flash           Conj/Hex       2%         N/A       54%         3
 Inner Flame              Hex/Fire       1%         N/A       54%         3
 Ice Form                 Ice/Tmut       4%         N/A       83%         4
 Cause Fear               Hex            0%         N/A       91%         4
 Iskenderun's Mystic Bla  Conj/Tloc      1%         2d3       91%         4
 Summon Ice Beast         Ice/Summ       1%         N/A       91%         4
 Summon Mana Viper        Hex/Summ       1%         N/A       99%         5
 Starburst                Conj/Fire      0%         6d3       100%        6
 Monstrous Menagerie      Summ           0%         N/A       100%        7
 Discord                  Hex            0%         N/A       100%        8


Dungeon Overview and Level Annotations

Branches:
Dungeon (3/15)

Altars:

Annotations:
D:3 Sigmund


Innate Abilities, Weirdness & Mutations

You have temporarily grown beastly horns and talons.
You are partially covered in razor-sharp scales. (AC +1, Slay +1)
Spells you cast may paralyse adjacent enemies.


Message History

Nothing appears to happen.
Sigmund hits you with a +1 scythe of protection!
Casting: Wereblood (safe; 16% risk of failure)
Confirm with . or Enter, or press ? or * to list all spells.
You fail to extend your transformation any further.
Malevolent energies surge around you.
Your transformation is almost over.
Sigmund screams, "You will never...
NEVER!!!"
Sigmund hits you with a +1 scythe of protection.
You hit Sigmund but do no damage.
Sigmund is poisoned.
You claw Sigmund. You headbutt Sigmund.
Sigmund is moderately wounded.
You barely miss Sigmund. You claw Sigmund.
Sigmund is moderately wounded.
Sigmund gestures wildly while chanting.
Sigmund flickers and vanishes!
Deactivating autopickup; reactivate with Ctrl-A.
Casting: Beastly Appendage (safe; 11% risk of failure)
Confirm with . or Enter, or press ? or * to list all spells.
You extend your transformation's duration.
Malevolent energies surge around you. Something hits you.
You barely miss something. Your headbutt misses something.
You hear some strange, mumbled words.
A magic dart appears from out of thin air!
The magic dart hits you!
* * * LOW HITPOINT WARNING * * *
It was a potion of haste.
You feel yourself speed up. Something hits you.
* * * LOW HITPOINT WARNING * * *
Okay, then.
You miss something. Your headbutt misses something.
Your magical contamination has completely faded away.
You miss something. You claw something. Something hits you.
* * * LOW HITPOINT WARNING * * *
Casting: Beastly Appendage (safe; 11% risk of failure)
Confirm with . or Enter, or press ? or * to list all spells.
You extend your transformation's duration.
Malevolent energies surge around you.
You completely miss something. Your headbutt misses something.
Something hits you!
You die...

.. . .## ... #.# #...
#.# #.... #{# #...# #@#
#...# #.###
#...########...####
#...##...........!#
#####...##.####.#####.#
................# #
............>...#
....†...........#####.
#####...##............


There were no monsters in sight!

Vanquished Creatures
  An orc wizard (D:3)
  2 adders
  A gnoll (D:1)
  A dart slug (D:1)
  5 orcs (D:3)
  3 ball pythons
  A giant cockroach (D:1)
  5 goblins
  A hobgoblin (D:2)
  4 kobolds
  3 bats
  2 frilled lizards
  2 rats
31 creatures vanquished.

Notes
Turn   | Place    | Note
-------+----------+-------------------------------------------
     0 | D:1      | porpoise the Demonspawn Transmuter began the quest for the
                  | Orb.
     0 | D:1      | Reached XP level 1. HP: 15/15 MP: 3/3
   179 | D:1      | Reached skill level 3 in Unarmed Combat
   179 | D:1      | Gained mutation: Spells you cast may paralyse adjacent
                  | enemies. [demonic ancestry]
   179 | D:1      | Reached XP level 2. HP: 21/21 MP: 3/5
   694 | D:1      | Reached skill level 1 in Stealth
  1133 | D:2      | Reached XP level 3. HP: 27/27 MP: 4/6
  1870 | D:3      | Learned a level 2 spell: Wereblood
  1906 | D:3      | Gained mutation: You are partially covered in razor-sharp
                  | scales. (AC +1, Slay +1) [demonic ancestry]
  1906 | D:3      | Reached XP level 4. HP: 23/34 MP: 3/7
  2240 | D:3      | Noticed Sigmund
  2255 | D:3      | Slain by Sigmund

Illustrated notes

Levels and vault maps discovered:
D:1:      ncdulo_halloftheorcs, layout_loops_ring, minivault_23
D:2:      layout_rooms, skrybe_limestone_x, minmay_door_square
D:3:      layout_loops_cross, dk_yredelemnul_ordeal, serial_shops,
          nicolae_diamond_shop, uniq_sigmund

Skill      XL: |  1  2  3 |
---------------+----------+-----
Unarmed Combat | 3 |  3.7
Stealth        | 1 |  1.5
Fighting       | 2 |  2.5
Dodging        | |  1.7
Spellcasting   | |  2.0
Transmutations | |  1.7

Action                   |  1- 3 |  4- 6 || total
-------------------------+-------+-------++-------
Melee: Unarmed           |    13 |       ||    13
       Headbutt          |     9 |     1 ||    10
       Dagger            |    40 |     7 ||    47
       Kick              |    10 |     3 ||    13
 Cast: Beastly Appendage |    21 |     5 ||    26
       Wereblood         |     1 |       ||     1
  Use: Potion            |       |     1 ||     1
 Stab: Paralysed         |    11 |     1 ||    12
       Sleeping          |     2 |       ||     2
Armor: Robe              |    14 |       ||    14
Dodge: Dodged            |    37 |     3 ||    40

Table legend: (Time is in decaauts)
 A = Elapsed time spent in this place.
 B = Non-inter-level travel time spent in this place.
 C = Inter-level travel time spent in this place.
 D = Time resting spent in this place.
 E = Time spent auto-exploring this place.
 F = Levels seen in this place.
 G = Mean time per level.
                   A        B        C        D        E       F      G
               +--------+--------+--------+--------+--------+-----+--------+
         Total |   2250 |   2173 |     77 |    774 |   1056 |   3 |  750.0 |
       Dungeon |   2250 |   2173 |     77 |    774 |   1056 |   3 |  750.0 |
               +--------+--------+--------+--------+--------+-----+--------+

Top non-repeatable levels by time:
     D:1: 807 daAuts
     D:3: 788 daAuts
     D:2: 654 daAuts
